 Dungeon Crawl Stone Soup version 0.31-a0-198-g2ad674f65e (webtiles) character file.

Game seed: 6760535205160223609

103 qw the Shooter (level 4, -3/25 HPs)
             Began as a Deep Elf Hunter on June 25, 2023.
             Slain by Terence
             ... wielding a +5 falchion of freezing
              (7 damage)
             ... on level 3 of the Dungeon.
             The game lasted 00:00:44 (1998 turns).

qw the Shooter (Deep Elf Hunter)                    Turns: 1998, Time: 00:00:45

Health: -3/25      AC:  7    Str: 10    XL:     4   Next: 51%
Magic:  6/6        EV: 11    Int: 14    God:
Gold:   105        SH:  0    Dex: 18    Spells: 3/3 levels left

rFire   . . .        Y - +0 shortbow
rCold   . . .        (shield currently unavailable)
rNeg    . . .        d - +0 ring mail
rPois   .            c - +1 helmet
rElec   .            (no cloak)
rCorr   .            (no gloves)
SInv    .            (no boots)
Will    .....        (no amulet)
Stlth   +            (no ring)
HPRegen 0.24/turn    (no ring)
MPRegen 0.10/turn

%: no passive effects
@: no status effects
A: no striking features
a: no special abilities


You were on level 3 of the Dungeon.
You visited 1 branch of the dungeon, and saw 3 of its levels.

You collected 105 gold pieces.


   Skills:
 - Level 1.5 Fighting
 + Level 7.9 Ranged Weapons
 - Level 2.4 Dodging
 - Level 1.2 Stealth


You had 3 spell levels left.
You didn't know any spells.
Your spell library was empty.

Inventory:

Hand Weapons
 Y - a +0 shortbow (weapon)
Armour
 c - a +1 helmet (worn)
 d - a +0 ring mail (worn)
Scrolls
 b - a scroll of identify
Potions
 a - a potion of ambrosia {unknown}
 e - a potion of might
 f - a potion of magic {unknown}
 g - a potion of cancellation {unknown}
 h - a potion of haste {unknown}
 i - a potion of brilliance {unknown}
 k - a potion of degeneration {unknown}

Dungeon Overview and Level Annotations

Branches:
Dungeon (3/15)

Altars:

Annotations:
D:3 Terence


Message History

The endoplasm is heavily wounded.
You shoot an arrow. The arrow hits the endoplasm.
The endoplasm is almost dead.
You shoot an arrow.
The arrow completely misses the endoplasm.
The endoplasm closely misses you.
You shoot an arrow. The arrow hits the endoplasm.
You kill the endoplasm!
There is a stone staircase leading up here.
Found 8 stones.
A bat comes into view.
Found 13 gold pieces and a Grand Grimoire.
You shoot an arrow.
The arrow hits the bat but does no damage.
You shoot an arrow. The arrow hits the bat!
You kill the bat!
Found a stone staircase leading down.
Terence the Incautious comes into view.
He is wielding a +5 falchion of freezing.
Terence shouts!
You shoot an arrow.
The arrow hits Terence but does no damage.
You shoot an arrow. The arrow hits Terence.
Terence is lightly wounded.
You shoot an arrow. The arrow closely misses Terence.
You shoot an arrow. The arrow hits Terence!
Terence is severely wounded.
You feel a little less mighty now.
You shoot an arrow. The arrow closely misses Terence.
Terence hits you with a +5 falchion of freezing!
Terence freezes you.
You shoot an arrow. The arrow hits Terence.
Terence is severely wounded.
Terence barely misses you.
You shoot an arrow. The arrow hits Terence.
Terence is severely wounded.
Terence hits you with a +5 falchion of freezing!
Terence freezes you.
You shoot an arrow. The arrow barely misses Terence.
Terence hits you with a +5 falchion of freezing!
You die...

#.# #.###.
#####..... # #.....#
#+## #.##<###.#
#...## #....# #>#
#.....#
######.###.##.......
#...........@@......
#.##................
##...............
#....8...8...8..
#..#...#:..#....
#....(###.###.##
#...... ..# ..#
.....8.. 8.. ..


You could see Terence.

Vanquished Creatures
  An orc wizard (D:3)
  An adder (D:2)
  A worm (D:2)
  A dart slug (D:2)
  3 orcs (D:3)
  7 endoplasms
  2 giant cockroaches (D:2)
  4 goblins
  2 hobgoblins
  12 jackals
  A quokka (D:1)
  5 ball pythons
  8 bats
  3 frilled lizards
  3 kobolds
  3 rats (D:1)
57 creatures vanquished.

Notes
Turn   | Place    | Note
-------+----------+-------------------------------------------
     0 | D:1      | qw the Deep Elf Hunter began the quest for the Orb.
     0 | D:1      | Reached XP level 1. HP: 12/12 MP: 3/3
     0 | D:1      | 0 ||| qw: Version: 0.3-a-22-g0ed2b0b
     0 | D:1      | 0 ||| qw: Game counter: 5007
     0 | D:1      | 0 ||| qw: Melee chars always use a shield: true
     0 | D:1      | 0 ||| qw: God list: Okawaru
     0 | D:1      | 0 ||| qw: Allow faded altars: false
     0 | D:1      | 0 ||| qw: Do Orc after clearing Dungeon:15 true
     0 | D:1      | 0 ||| qw: Do second Lair branch before Depths: true
     0 | D:1      | 0 ||| qw: Lair rune preference: random
     0 | D:1      | 0 ||| qw: Goals: Normal
     0 | D:1      | 0 ||| PLANNING D:1-11
   242 | D:1      | Reached XP level 2. HP: 16/16 MP: 4/4
   258 | D:1      | Reached skill level 6 in Ranged Weapons
   825 | D:1      | 825 ||| UPGRADING to +0 ring mail.
   835 | D:1      | 835 ||| DROPPING +0 leather armour.
   836 | D:1      | 836 ||| READING scroll labelled PIRIAWUTEL.
   837 | D:1      | 837 ||| READING scroll labelled ADAS KEBYENGAK.
   838 | D:1      | 838 ||| DROPPING scroll of butterflies.
   885 | D:2      | Reached XP level 3. HP: 20/20 MP: 5/5
  1147 | D:2      | Reached skill level 7 in Ranged Weapons
  1345 | D:2      | You fall into a shaft and drop 1 floor!
  1355 | D:3      | Reached XP level 4. HP: 25/25 MP: 6/6
  1387 | D:3      | 1387 ||| UPGRADING to +1 helmet.
  1392 | D:3      | 1392 ||| READING scroll labelled ESHUTIPROAVO.
  1393 | D:3      | 1393 ||| READING scroll labelled VEFYIP LYMIPT.
  1394 | D:3      | 1394 ||| READING scroll labelled VAXKUNATAY.
  1396 | D:3      | 1396 ||| Stepping ~*~*~tactically~*~*~ (cloud).
  1481 | D:3      | 1481 ||| STAIRDANCE
  1854 | D:2      | 1854 ||| READING scroll labelled POACIT REOMIDGH.
  1955 | D:2      | 1955 ||| DRINKING 2 grey potions.
  1990 | D:3      | Noticed Terence
  1997 | D:3      | HP: 4/25 [Terence/+5 falchion of freezing (3)]
  1998 | D:3      | Slain by Terence

Levels and vault maps discovered:
D:1:      dpeg_arrival_tiny_g, layout_basic
D:2:      layout_basic
D:3:      layout_loops_corners, serial_shops, shop, serial_aquarium,
          aquarium_bridge_island_small [aquarium_subvault_small_open,
          aquarium_subvault_bridge, aquarium_subvault_wall,
          aquarium_subvault_balcony, aquarium_subvault_wall], aquarium_window_1,
          aquarium_window_corner, aquarium_window_1, aquarium_view_2c,
          aquarium_view_2c, aquarium_balcony_3a, small_statue_intersection,
          minmay_misc_feat_doors, minmay_misc_feat_four_crosses, uniq_natasha,
          uniq_sigmund, uniq_terence, uniq_grinder

Skill      XL: |  1  2  3 |
---------------+----------+-----
Ranged Weapons | 6 7 |  7.9
Fighting       | |  1.5
Dodging        | |  2.4
Stealth        | |  1.2

Action                     |  1- 3 |  4- 6 || total
---------------------------+-------+-------++-------
   Fire: Shortbow          |   140 |    36 ||   176
    Use: Scroll            |     2 |     4 ||     6
         Potion            |       |     1 ||     1
 Armour: Leather armour    |    11 |       ||    11
         Ring mail         |    11 |     4 ||    15
  Dodge: Dodged            |    35 |     6 ||    41

Table legend:
 A = Non-vault XP
 B = Vault XP
 C = Vault XP percentage of total XP
 D = Non-vault monster count
 E = Vault monster count
 F = Vault count percentage of total count
                 A         B        C        D         E       F
            +---------+---------+-------+---------+---------+-------
      Total |     148 |       0 |   0.0 |      57 |       0 |   0.0
            +---------+---------+-------+---------+---------+-------
        D:1 |      40 |       0 |   0.0 |      26 |       0 |   0.0
        D:2 |      61 |       0 |   0.0 |      25 |       0 |   0.0
        D:3 |      47 |       0 |   0.0 |       6 |       0 |   0.0
            +---------+---------+-------+---------+---------+-------
